AoeStats
← Huevo Rondina ++

Arabia

504926979Analyzed
2v2 RM · 24d ago on Sep 7, 2026· 40m 8s· 4 players
Game mode
Random Map
Map size
Medium (4 player)
Population
200
Speed
Normal
Resources
Standard
Victory
Conquest
Starting age
Dark Age
Ending age
Imperial Age
RankedLock teamsTeams togetherTeam positionsShared explorationLock speedFull tech treeHidden civsTurbo modeCheats
Victory
Defeat
🇺🇸 Lithuanians · United States
1071
+13
🇦🇷 Magyars · Argentina
1014
+15
🇦🇷 Koreans · Argentina
1058
-16
🇦🇷 Britons · Argentina
946
-16
[DM]gallo+4teRETUVE
0:38 Loom
10:02 Feudal Age
21:25 Castle Age
22:03 Double-Bit Axe
24:43 Fletching
29:35 Pikeman
32:17 Squires
32:35 Forging
33:21 Scale Mail Armor
35:55 Wheelbarrow
36:50 Ballistics
36:43 Squires
Huevo Rondina ++
0:41 Loom
10:39 Feudal Age
11:56 Double-Bit Axe
14:41 Fletching
15:27 Gold Mining
16:36 Padded Archer Armor
17:28 Scale Mail Armor
22:07 Forging
22:05 Stone Mining
26:31 Man-at-Arms
32:25 Scale Barding Armor
Aldeano Estelar
7:44 Loom
10:00 Feudal Age
10:35 Double-Bit Axe
15:11 Fletching
15:47 Horse Collar
17:50 Padded Archer Armor
18:40 Wheelbarrow
23:40 Castle Age
24:06 Stone Mining
24:07 Gold Mining
24:40 Bow Saw
24:48 Bodkin Arrow
27:50 Thumb Ring
27:52 Scale Barding Armor
28:44 Gold Shaft Mining
28:47 Heavy Plow
29:49 Chain Barding Armor
30:42 Hand Cart
33:40 Town Watch
37:00 Imperial Age
35:22 Corvinian Army
37:21 Leather Archer Armor
37:38 Ballistics
37:14 Murder Holes
37:54 Town Patrol
38:43 Conscription
38:23 Recurve Bow
40:52 Chemistry
40:21 Parthian Tactics
EL BABOSA
4:59 Loom
9:12 Feudal Age
9:55 Double-Bit Axe
10:53 Man-at-Arms
18:34 Wheelbarrow
19:20 Arson
19:35 Horse Collar
20:23 Town Watch
23:14 Castle Age
21:32 Scale Mail Armor
22:15 Fletching
23:24 Padded Archer Armor
23:59 Forging
24:07 Bow Saw
23:24 Long Swordsman
24:43 Chain Mail Armor
26:31 Iron Casting
26:09 Bloodlines
26:00 Husbandry
26:37 Scale Barding Armor
27:29 Squires
32:17 Elite Skirmisher
35:53 Chain Barding Armor
35:37 Gold Mining
35:38 Stone Mining
36:34 Town Patrol
38:29 Bodkin Arrow
41:50 Imperial Age
Connection lost

Rejoining the realm…

Still unreachable

The connection could not be restored.

Session expired

The server has moved on; the page needs a fresh start.